 Dungeon Crawl Stone Soup version 0.29-a0-542-g075992c915 (webtiles) character file.

Game seed: 13822303727545888170

2870 dohliylev the Grappler (level 9, -4/81 HPs)
             Began as a Troll Warper on June 4, 2022.
             Was a Priest of Okawaru.
             Slain by a shadow (15 damage)
             ... on level 9 of the Dungeon.
             The game lasted 00:23:32 (6426 turns).

dohliylev the Grappler (Troll Warper)               Turns: 6426, Time: 00:23:33

Health: -4/81      AC:  8    Str: 25    XL:     9   Next: 47%
Magic:  10/13      EV: 15    Int:  9    God:    Okawaru [***...]
Gold:   475        SH:  0    Dex:  9    Spells: 10/15 levels left

rFire   . . .      SeeInvis .     - Unarmed
rCold   . . .      Faith    .   (no shield)
rNeg    . . .      Spirit   .   a - +0 robe
rPois   .          Reflect  .   (helmet restricted)
rElec   .          Harm     .   (no cloak)
rCorr   .          Rampage  .   (gloves unavailable)
Will    .....                   (boots unavailable)
Stlth   +.........              (no amulet)
HPRegen 1.03/turn               E - +4 ring of protection
MPRegen 0.13/turn               s - +4 ring of evasion

@: on blink cooldown
A: large, unfitting armour, claws 3, regeneration 1, shaggy fur 1, tough skin 1
a: Renounce Religion, Heroism


You were on level 9 of the Dungeon.
You worshipped Okawaru.
Okawaru was most pleased with you.
You visited 2 branches of the dungeon, and saw 10 of its levels.
You also visited: Ossuary.

You collected 475 gold pieces.

Inventory:

Hand Weapons
 q - the +7 mace "Ysuwycup" {vorpal, rElec rN+ rCorr Str-2}
   (You found it on level 8 of the Dungeon)

   It inflicts extra damage upon your enemies.
   Str:       It affects your strength (-2).
   rElec:     It insulates you from electricity.
   rN:        It protects you from negative energy.
   rCorr:     It protects you from acid and corrosion.
Missiles
 c - 7 boomerangs of dispersal
 d - 6 large rocks (quivered)
 G - 5 boomerangs
Armour
 a - a +0 robe (worn)
Jewellery
 i - a +6 ring of intelligence
 k - a ring of resist corrosion
 s - a +4 ring of evasion (right claw)
 D - a +4 ring of evasion
 E - a +4 ring of protection (left claw)
Wands
 n - a wand of iceblast (10)
 r - a wand of paralysis (9)
 B - a wand of acid (6)
Scrolls
 b - a scroll of blinking
 f - 2 scrolls of identify
 g - a scroll of enchant armour
 l - 2 scrolls of brand weapon
 o - 3 scrolls of poison
 p - 7 scrolls of teleportation
 u - a scroll of enchant weapon {unknown}
 y - a scroll of amnesia {unknown}
 A - a scroll of magic mapping {unknown}
 I - a scroll of fog
Potions
 e - 2 potions of berserk rage {unknown}
 h - 5 potions of degeneration {unknown}
 j - a potion of invisibility {unknown}
 m - 2 potions of heal wounds {unknown}
 t - 2 potions of resistance {unknown}
 v - a potion of flight {unknown}
 w - a potion of ambrosia {unknown}
 x - 5 potions of lignification {unknown}
 z - 7 potions of curing {unknown}
 C - 2 potions of mutation {unknown}
 F - 2 potions of magic {unknown}


   Skills:
 + Level 3.0 Fighting
 + Level 3.4 Throwing
 + Level 5.5 Dodging
 - Level 8.0 Unarmed Combat
 + Level 3.5 Spellcasting
 + Level 4.1 Translocations


You had 10 spell levels left.
You knew the following spells:

 Your Spells              Type           Power      Damage    Failure   Level
a - Teleport Other        Tloc           9%         N/A       16%         3
b - Blink                 Tloc           18%        N/A       8%          2

Your spell library contained the following spells:

 Spells                   Type           Power      Damage    Failure   Level
 Apportation              Tloc           18%        N/A       5%          1
 Gell's Gravitas          Tloc           9%         N/A       16%         3
 Lesser Beckoning         Tloc           9%         N/A       16%         3
 Freeze                   Ice            4%         1d3       28%         1
 Necrotize                Necr           4%         1d4       28%         1
 Sting                    Tmut/Pois      4%         1d3       28%         1
 Ensorcelled Hibernation  Hex/Ice        2%         N/A       41%         2
 Poisonous Vapours        Pois/Air       2%         N/A       41%         2
 Scorch                   Fire           2%         2d5       41%         2
 Static Discharge         Conj/Air       1%         N/A       41%         2
 Frozen Ramparts          Ice            2%         1d2       65%         3
 Spider Form              Tmut/Pois      1%         N/A       65%         3
 Vampiric Draining        Necr           1%         2d6       65%         3
 Manifold Assault         Tloc           9%         N/A       82%         5
 Anguish                  Hex/Necr       0%         N/A       96%         4
 Dispel Undead            Necr           1%         3d6       96%         4
 Flame Wave               Conj/Fire      1%         2d4       96%         4
 Hailstorm                Conj/Ice       1%         3d3       96%         4
 Ice Form                 Ice/Tmut       1%         N/A       96%         4
 Olgreb's Toxic Radiance  Pois           1%         N/A       96%         4
 Sticky Flame             Conj/Fire      1%         2d3       96%         4
 Agony                    Necr           1%         N/A       100%        5
 Summon Small Mammal      Summ           Unusable   N/A       N/A         1
 Simulacrum               Ice/Necr       Unusable   N/A       N/A         6
 Summon Cactus Giant      Summ           Unusable   N/A       N/A         6

Dungeon Overview and Level Annotations

Branches:
Dungeon (9/15)             Temple (1/1) D:5         Ossuary (visited)
   Lair: D:8-11         Orc: D:9-12

Altars:
Ashenzari
Cheibriados
Dithmenos
Elyvilon
Fedhas
Gozag
Hepliaklqana
Kikubaaqudgha
Makhleb
Nemelex Xobeh
Okawaru
Qazlal
Ru
Sif Muna
Trog
Uskayaw
Vehumet
Wu Jian
Xom
Yredelemnul
Zin
The Shining One

Shops:
D:5 !   D:8 (

Annotations:
D:7 3 runed translucent doors, QuickerDeath's ghost, novice HuCj
D:8 exclusion: ice statue, robertstho's ghost, novice DjFE


Innate Abilities, Weirdness & Mutations

You are too large for most types of armour.
You have claws for hands.
Your natural rate of healing is unusually fast.
You are covered in fur. (AC +1)
You have tough skin. (AC +1)


Message History

Press: ? - help, Shift-Dir - straight line, f - water moccasin
Aim: a water moccasin (chance to affect: 47%)
Okay, then.
Casting: Teleport Other (dangerous; 16% risk of failure)
Confirm with . or Enter, or press ? or * to list all spells.
Okay, then.
Unknown command.
Casting: Teleport Other (dangerous; 16% risk of failure)
Confirm with . or Enter, or press ? or * to list all spells.
You blink.
You feel very sick.
The kobold demonologist gestures wildly while chanting.
You feel very sick. The shadow imp gestures at you.
Pain shoots through your body!
You feel very sick.
You feel sick.
You feel stable enough to blink again.
You feel very sick.
You feel sick.
You feel sick.
You feel sick.
You feel sick.
You feel sick.
You feel sick.
The shadow imp shouts, "Decamp, thou gleeking milk-livered flap-bat!"
You feel sick.
You are no longer poisoned.
The sun demon attacks as you move away! The sun demon hits you!
* * * LOW HITPOINT WARNING * * *
You are engulfed in flames!
* * * LOW HITPOINT WARNING * * *
Casting: Blink (safe; 8% risk of failure)
Confirm with . or Enter, or press ? or * to list all spells.
You blink.
The sun demon closely misses you. The water moccasin barely misses you.
The water moccasin attacks as you move away!
The water moccasin closely misses you. The shadow imp misses you.
The shadow strikes at you from the darkness!
You die...

####O#K###.# #g #.# #5
#.## ## #..## #.K.##
#....## . #.....# ..
#. #..}.5## .....
#.#...@..###......
#.....3S..##......##
###................##
. #.................#
#..............<..#
#..##.....>##....# ###
###..#...........# ...
.........#.......# # .
.......#.....#....####


You could see a sun demon (summoned), a kobold demonologist, a water moccasin
and a shadow imp (summoned).

Vanquished Creatures
  2 wraiths (D:9)
  A water moccasin (D:8)
  2 black bears (D:6)
  5 centaurs
  An ogre (D:6)
  A bullfrog (D:9)
  An elf zombie (Ossuary)
  4 scorpions
  4 wights (D:7)
  6 killer bees (D:7)
  3 howler monkeys
  3 orc priests
  2 hounds
  3 jellies
  3 human zombies (Ossuary)
  2 gnoll shamans
  An orc wizard (D:8)
  4 iguanas
  2 mummies (Ossuary)
  8 gnolls
  4 adders
  2 white imps (D:6)
  2 ufetubi
  An adder zombie (Ossuary)
  3 worms
  5 dart slugs
  20 orcs
  5 ball pythons
  10 bats
  7 endoplasms
  4 giant cockroaches
  9 goblins
  3 hobgoblins
  7 jackals
  9 kobolds
  7 quokkas
  4 frilled lizards
  2 goblin zombies (Ossuary)
  7 hobgoblin zombies (Ossuary)
  2 jackal zombies (Ossuary)
  9 kobold zombies (Ossuary)
  9 orc zombies (Ossuary)
  7 rats
  3 rat zombies (Ossuary)
199 creatures vanquished.

Notes
Turn   | Place    | Note
-------+----------+-------------------------------------------
     0 | D:1      | dohliylev the Troll Warper began the quest for the Orb.
     0 | D:1      | Reached XP level 1. HP: 19/19 MP: 1/1
   170 | D:1      | Reached XP level 2. HP: 25/28 MP: 2/2
   532 | D:1      | Reached XP level 3. HP: 35/35 MP: 4/4
   536 | D:1      | Learned a level 3 spell: Teleport Other
  1234 | D:2      | Reached XP level 4. HP: 42/42 MP: 5/5
  1384 | D:2      | Reached skill level 3 in Unarmed Combat
  2322 | D:3      | Reached skill level 1 in Throwing
  2322 | D:3      | Reached XP level 5. HP: 37/49 MP: 3/6
  2702 | D:4      | Found the +7 Kryia's mail coat {PotionHeal*2 rC+}
  2898 | D:4      | Reached skill level 4 in Unarmed Combat
  2921 | D:4      | Reached XP level 6. HP: 57/57 MP: 7/7
  3208 | D:4      | Found a glowing golden altar of the Shining One.
  3464 | D:5      | Entered Level 5 of the Dungeon
  3464 | D:5      | Found Venoita Ojur's Distillery.
  3479 | D:5      | Found a sand-covered staircase.
  3487 | Ossuary  | Entered an ossuary
  3625 | Ossuary  | Reached skill level 5 in Unarmed Combat
  3729 | Ossuary  | Reached XP level 7. HP: 65/65 MP: 8/8
  3813 | D:5      | Reached skill level 6 in Unarmed Combat
  4141 | D:5      | Found a staircase to the Ecumenical Temple.
  4154 | Temple   | Entered the Ecumenical Temple
  4208 | Temple   | Became a worshipper of Warmaster Okawaru
  4406 | D:6      | Reached skill level 7 in Unarmed Combat
  4470 | D:6      | Reached XP level 8. HP: 44/72 MP: 9/9
  4749 | D:6      | Reached * piety under Okawaru
  4769 | D:6      | Reached skill level 8 in Unarmed Combat
  5166 | D:7      | Reached ** piety under Okawaru
  5518 | D:7      | Found a runed translucent gate.
  5518 | D:7      | Found a runed translucent gate.
  5526 | D:7      | Found an opulent altar of Gozag.
  5537 | D:7      | Reached XP level 9. HP: 67/77 MP: 12/12
  5549 | D:7      | Found a runed translucent gate.
  5646 | D:7      | Noticed QuickerDeath's ghost (novice HuCj)
  5647 | D:7      | Noticed a troll
  5923 | D:8      | Identified the +7 mace "Ysuwycup" {vorpal, rElec rN+ rCorr
                  | Str-2}
  5973 | D:8      | Noticed robertstho's ghost (novice DjFE)
  5987 | D:8      | Noticed an ice statue
  6009 | D:8      | Reached skill level 5 in Dodging
  6094 | D:8      | Found Deghuimy's Antique Weapon Emporium.
  6194 | D:8      | Paralysed by a hornet for 1 turns
  6313 | D:9      | Learned a level 2 spell: Blink
  6380 | D:9      | Reached *** piety under Okawaru
  6402 | D:9      | Noticed a kobold demonologist
  6408 | D:9      | Noticed a two-headed ogre
  6413 | D:9      | Noticed a sun demon
  6426 | D:9      | Slain by a shadow

Illustrated notes

Levels and vault maps discovered:
D:1:      scummos_arrival_simple_crosswalls, layout_loops_ring
D:2:      layout_basic, grunt_decor_one_mirror, minmay_mini_jars
D:3:      minmay_diamond_boxcup, layout_rooms
D:4:      layout_basic, tso_oasis_becter, minmay_vboxes
D:5:      layout_rooms, minmay_temple_entry_hall, serial_shops,
          nicolae_shop_hallway_stairs, enter_ossuary_1
D:6:      layout_rooms
D:7:      layout_rooms, ebering_ghost_gozag
D:8:      layout_cave_pools, serial_shops, kennysheep_mini_moat,
          nzn_ghost_randoct, kennysheep_decorative_pillar
D:9:      minmay_the_grid_4x2 [minmay_the_grid_garden,
          minmay_the_grid_holed_spiral, minmay_the_grid_expand,
          minmay_the_grid_armoury, minmay_the_grid_empty, minmay_the_grid_rooms,
          minmay_the_grid_spin_star, minmay_the_grid_prize_big_room],
          layout_cross, minmay_misc_feat_secret_circle, serial_park_tiny_pond
Temple:   minmay_crystal_snake_temple

Skill      XL: |  1  2  3  4  5  6  7  8  9 |
---------------+----------------------------+-----
Dodging        | 2 3 4 5 |  5.5
Unarmed Combat | 3 4 5 7 8 |  8.0
Throwing       | 1 3 |  3.4
Fighting       | 2 3 |  3.0
Spellcasting   | 3 |  3.5
Translocations | 3 4 |  4.1

Action                   |  1- 3 |  4- 6 |  7- 9 || total
-------------------------+-------+-------+-------++-------
Melee: Unarmed           |   109 |   220 |   250 ||   579
       Punch             |     2 |     8 |    11 ||    21
Throw: Large rock        |     2 |    13 |    21 ||    36
 Cast: Teleport Other    |     3 |     1 |    13 ||    17
       Blink             |       |       |     2 ||     2
  Use: Scroll            |       |     6 |     3 ||     9
Armor: Robe              |    43 |    47 |    66 ||   156
Dodge: Dodged            |    63 |   158 |   218 ||   439

Table legend: (Time is in decaauts)
 A = Elapsed time spent in this place.
 B = Non-inter-level travel time spent in this place.
 C = Inter-level travel time spent in this place.
 D = Time resting spent in this place.
 E = Time spent auto-exploring this place.
 F = Levels seen in this place.
 G = Mean time per level.
                   A        B        C        D        E       F      G
               +--------+--------+--------+--------+--------+-----+--------+
         Total |   6414 |   6257 |    157 |   1013 |   3584 |  11 |  583.1 |
       Dungeon |   5975 |   5818 |    157 |   1006 |   3340 |   9 |  663.9 |
        Temple |    177 |    177 |      0 |      0 |    147 |   1 |  177.0 |
       Ossuary |    260 |    260 |      0 |      7 |     97 |   1 |  260.0 |
               +--------+--------+--------+--------+--------+-----+--------+

Top non-repeatable levels by time:
     D:4: 928 daAuts
     D:2: 913 daAuts
     D:7: 871 daAuts
     D:1: 863 daAuts
     D:3: 760 daAuts
     D:6: 679 daAuts
     D:5: 441 daAuts
     D:8: 279 daAuts
 Ossuary: 260 daAuts
     D:9: 238 daAuts
  Temple: 177 daAuts
